 Dungeon Crawl Stone Soup version 0.22-a0-570-g58866f5 (webtiles) character file.

68 kae the Insei (level 4, -2/33 HPs)
             Began as a Demonspawn Transmuter on June 30, 2018.
             Slain by Sigmund
             ... wielding a +0 scythe
              (7 damage)
             ... on level 2 of the Dungeon.
             The game lasted 00:02:01 (1808 turns).

kae the Insei (Demonspawn Transmuter)               Turns: 1808, Time: 00:02:02

Health: -2/33      AC:  4    Str: 11    XL:     4   Next: 1%
Magic:  0/7        EV: 12    Int: 14    God:
Gold:   99         SH:  0    Dex: 14    Spells: 1/7 levels left

rFire    . . .     SeeInvis .     - Unarmed
rCold    . . .     Gourm    .   (no shield)
rNeg     . . .     Faith    .   b - +0 robe
rPois    .         Spirit   +   (no helmet)
rElec    .         Reflect  .   (no cloak)
rCorr    .         Harm     .   (no gloves)
MR       .....                  (no boots)
Stlth    +.........             (no amulet)
HPRegen  0.11/turn              (no ring)
MPRegen  0.20/turn              (no ring)

@: no status effects
A: slimy green scales 1, magic shield, magic regeneration
a: no special abilities


You were on level 2 of the Dungeon.
You were not hungry.

You visited 1 branch of the dungeon, and saw 2 of its levels.

You collected 99 gold pieces.

Inventory:

Missiles
 a - 22 arrows
Armour
 b - a +0 robe (worn)
Jewellery
 e - an uncursed ring of stealth
Scrolls
 c - 2 scrolls of remove curse
Potions
 i - a potion of mutation
 j - a potion of flight {unknown}
 k - a potion of ambrosia {unknown}
Comestibles
 d - 4 rations


   Skills:
 + Level 1.7 Fighting
 - Level 1.7 Dodging
 * Level 3.3 Unarmed Combat
 + Level 2.4 Spellcasting
 * Level 2.6 Transmutations


You had one spell level left.
You knew the following spells:

 Your Spells              Type           Power        Failure   Level  Hunger
a - Beastly Appendage     Tmut           #.....       8%          1    #......
b - Sticks to Snakes      Tmut           #.......     12%         2    ###....
c - Spider Form           Tmut/Pois      #.........   36%         3    ###....

Your spell library contained the following spells:

 Spells                   Type           Power        Failure   Level  Hunger
 Blade Hands              Tmut           #.........   91%         5    ######.
 Ice Form                 Ice/Tmut       #.......     78%         4    #####..


Dungeon Overview and Level Annotations

Branches:
Dungeon (2/15)

Altars:
Yredelemnul

Annotations:
D:2 Sigmund


Innate Abilities, Weirdness & Mutations

You are partially covered in slimy green scales. (AC +2)
When hurt, damage is shared between your health and your magic reserves.
You regenerate magic rapidly.


Message History

Your magical contamination has completely faded away.
You hit something.
Your transformation has ended.
Your +0 robe unmelds from your body.
Something hits you.
You hit something but do no damage. You closely miss something.
Something hits you but does no damage.
You barely miss something. You closely miss something. Something hits you.
Something hits you! The dart slug launches a dart at you.
The slug dart misses you. Something hits you!
* * * LOW HITPOINT WARNING * * *
Casting: Spider Form (slightly dangerous; 36% risk of failure)
Confirm with . or Enter, or press ? or * to list all spells.
You don't have enough magic to cast that spell.
You hit the dart slug.
The dart slug is moderately wounded.
Something hits you!
You die...

....#.......).................##
...............................#.
.................................
..........)......................
........................##.......
........................##.......
........................####.....
.................................
...#...........#@..#.......###.#.
...............#w..#.#.........#.
......#...)...<{.....#...........
......#.....#####..#.#.#.........
..... #)...........###.#.........
###...#..........................
...............................
................................
................................


You could see a dart slug.

Vanquished Creatures
  3 adders (D:2)
  A leopard gecko (D:1)
  4 giant cockroaches
  A goblin (D:1)
  6 hobgoblins
  A quokka (D:2)
  A ball python (D:1)
  2 bats (D:1)
  5 frilled lizards
  3 kobolds
  5 rats
32 creatures vanquished.

Vanquished Creatures (collateral kills)
  2 adders
  A kobold (D:2)
3 creatures vanquished.

Grand Total: 35 creatures vanquished

Notes
Turn   | Place    | Note
-------+----------+-------------------------------------------
     0 | D:1      | kae the Demonspawn Transmuter began the quest for the Orb.
     0 | D:1      | Reached XP level 1. HP: 15/15 MP: 3/3
   415 | D:1      | Gained mutation: You are partially covered in slimy green scales. (AC +2) [demonic ancestry]
   415 | D:1      | Reached XP level 2. HP: 19/21 MP: 3/5
   423 | D:1      | Learned a level 2 spell: Sticks to Snakes
   473 | D:1      | Reached skill level 3 in Unarmed Combat
   969 | D:2      | Gained mutation: When hurt, damage is shared between your health and your magic reserves. [demonic ancestry]
   969 | D:2      | Reached XP level 3. HP: 26/26 MP: 4/6
  1000 | D:2      | Found a basalt altar of Yredelemnul.
  1240 | D:2      | Noticed Sigmund
  1561 | D:2      | Learned a level 3 spell: Spider Form
  1619 | D:1      | Gained mutation: You regenerate magic rapidly. [demonic ancestry]
  1619 | D:1      | Reached XP level 4. HP: 17/33 MP: 2/7
  1808 | D:2      | Slain by Sigmund

Vault maps used:
D:1:      lemuel_arrival_river_ford, lemuel_old_faithful
D:2:      yredelemnul_altar_generic, uniq_sigmund

Skill      XL: |  1  2 |
---------------+-------+-----
Transmutations | 2 |  2.6
Unarmed Combat | 3 |  3.3
Fighting       | |  1.7
Dodging        | |  1.7
Spellcasting   | |  2.4

Action                   |  1- 3 |  4- 6 || total
-------------------------+-------+-------++-------
Melee: Unarmed           |    97 |    13 ||   110
       Kick              |     5 |       ||     5
       Headbutt          |     5 |       ||     5
 Cast: Beastly Appendage |    17 |       ||    17
       Sticks to Snakes  |     5 |       ||     5
       Spider Form       |       |     1 ||     1
  Use: Potion            |     1 |       ||     1
       Scroll            |     2 |     4 ||     6
  Eat: Chunk             |     1 |       ||     1
       Ration            |       |     1 ||     1
Armor: Robe              |    21 |       ||    21
Dodge: Dodged            |    87 |     5 ||    92

Table legend:
 A = Spawn XP
 B = Non-spawn XP
 C = Spawn XP percentage of total XP
 D = Spawn monster count
 E = Non-spawn monster count
 F = Spawn count percentage of total count
 G = Total turns spent on level
                    A         B        C        D         E        F      G
               +---------+---------+-------+---------+---------+-------+---------
         Total |       0 |      98 |   0.0 |       0 |      35 |   0.0 |  1808
               +---------+---------+-------+---------+---------+-------+---------
           D:1 |       0 |      39 |   0.0 |       0 |      19 |   0.0 |  1210
           D:2 |       0 |      59 |   0.0 |       0 |      16 |   0.0 |   598
               +---------+---------+-------+---------+---------+-------+---------
